AoeStats
← misugi

Yucatan

503230115Analyzed
2v2 RM · 1mo ago on Aug 30, 2026· 34m 12s· 4 players
Game mode
Random Map
Map size
Medium (4 player)
Population
200
Speed
Normal
Resources
Standard
Victory
Conquest
Starting age
Dark Age
Ending age
Imperial Age
RankedLock teamsTeams togetherTeam positionsShared explorationLock speedFull tech treeHidden civsTurbo modeCheats
Victory
Defeat
🇧🇷 Persians · Brazil
1070
+16
🇸🇪 Saracens · Sweden
1022
+18
🇹🇷 Maya · Türkiye
1101
-19
🇹🇷 Huns · Türkiye
1038
-16
SpiderNe0
0:50 Loom
12:42 Feudal Age
13:17 Double-Bit Axe
14:37 Wheelbarrow
14:00 Gold Mining
16:15 Bloodlines
17:05 Horse Collar
24:02 Castle Age
22:53 Forging
24:48 Scale Barding Armor
26:29 Stone Mining
29:24 Hand Cart
30:37 Iron Casting
misugi
0:31 Loom
11:34 Feudal Age
12:08 Double-Bit Axe
12:07 Horse Collar
15:04 Gold Mining
20:36 Castle Age
20:01 Scale Mail Armor
20:13 Forging
31:06 Pikeman
Bulbu
2:15 Loom
2:47 Loom
11:52 Feudal Age
16:19 Castle Age
14:27 Horse Collar
16:03 Double-Bit Axe
19:41 Scale Barding Armor
21:40 Forging
22:38 Bloodlines
27:26 Wheelbarrow
26:37 Town Watch
28:06 Chain Barding Armor
27:50 Husbandry
28:25 Bow Saw
31:10 Iron Casting
30:30 Gold Mining
30:57 Hand Cart
Arqueiro Vermelho
0:30 Loom
12:45 Feudal Age
14:03 Wheelbarrow
17:24 Castle Age
16:29 Forging
17:57 Husbandry
18:03 Double-Bit Axe
19:32 Iron Casting
22:43 Horse Collar
24:15 Heavy Plow
25:10 Hand Cart
26:29 Bow Saw
26:25 Scale Barding Armor
28:13 Gold Mining
31:08 Gold Shaft Mining
31:34 Town Watch
33:49 Chain Barding Armor
Connection lost

Rejoining the realm…

Still unreachable

The connection could not be restored.

Session expired

The server has moved on; the page needs a fresh start.